Map: Forgotten Sanctuary

Players

yorsh - Winner!

  • Race: Protoss Protoss
  • League: Silver
  • Spawn Location: 3:00

Infamous - Winner!

  • Race: Protoss Protoss
  • League: Silver
  • Spawn Location: 6:00

Chu - Winner!

  • Race: Zerg Zerg
  • Spawn Location: 6:00

JamesLucifer - Winner!

  • Race: Terran Terran
  • Spawn Location: 3:00

Tigger

  • Race: Protoss Protoss
  • Spawn Location: 12:00

kamikazi

  • Race: Protoss Protoss
  • Spawn Location: 9:00

Zabros

  • Race: Protoss Protoss
  • Spawn Location: 9:00

asd

  • Race: Protoss Protoss
  • Spawn Location: 12:00

VOD

Have the link to the VOD?

Description

Time

  • Played on: March 26, 2018, 9:13 a.m.
  • Length: 19:21
Show
View Real Time Build Order
Export as new Build Order

yorsh Protoss - Winner!

Build Orders:  

Get SALT Encoding   

  12  0:08  Probe  
  13  0:20  Pylon  
  13  0:21  Probe  
  14  0:25  Assimilator  
  14  0:31  Assimilator  
  14  0:33  Probe  
  15  0:44  Gateway  
  15  0:45  Probe  
  16  0:56  Pylon  
  16  1:02  Probe  
  17  1:14  Probe  
  18  1:23  Pylon  
  18  1:27  Probe  
  19  1:37  Zealot  
  21  1:42  Cybernetics Core  
  21  1:51  Probe  
  22  2:14  Probe  
  23  2:15  Zealot  
  25  2:26  Probe  
  26  2:37  Stargate  
  26  2:43  Stargate  
  26  2:47  Zealot  
  28  2:55  Stargate  
  28  3:02  Probe  
  29  3:09  Protoss Air Weapons Level 1  
  29  3:17  Probe  
  30  3:27  Nexus  
  30  3:31  Assimilator  
  30  3:34  Void Ray  
  30  3:36  Assimilator  
  34  3:46  Pylon  
  34  3:53  Void Ray  
  38  4:01  Pylon  
  38  4:05  Probe  
  39  4:18  Void Ray  
  43  4:55  Void Ray  
  43  4:58  Probe  
  48  5:12  Void Ray  
  48  5:14  Probe  
  53  5:19  Probe  
  54  5:36  Probe  
  54  5:37  Probe  
  54  5:39  Void Ray  
  48  6:23  Void Ray x2  
  38  6:48  Probe  
  39  6:54  Probe  
  40  7:06  Probe, Void Ray x2  
  49  7:21  Probe  
  42  7:27  Probe  
  42  7:29  Fleet Beacon  
  43  7:38  Void Ray, Nexus  
  43  7:43  Probe  
  48  7:48  Assimilator  
  48  7:54  Assimilator  
  48  8:02  Void Ray x2  
  56  8:14  Shield Battery  
  56  8:20  Probe  
  56  8:26  Void Ray  
  61  8:33  Protoss Air Weapons Level 2  
  61  9:05  Nexus  
  41  9:23  Tempest  
  47  9:24  Tempest  
  47  9:26  Tempest  
  47  9:28  Probe  
  60  9:34  Assimilator  
  60  9:39  Assimilator  
  60  9:44  Pylon, Probe  
  61  9:59  Probe  
  58  10:08  Stargate  
  42  10:30  Tempest  
  42  10:33  Probe  
  49  10:50  Tempest  
  49  10:56  Probe  
  56  10:59  Probe  
  45  11:11  Probe  
  40  11:28  Probe  
  40  11:29  Probe  
  40  11:57  Pylon  
  38  12:04  Probe  
  38  12:06  Probe  
  36  12:28  Probe  
  36  12:29  Probe  
  37  12:34  Pylon  
  37  12:35  Probe  
  38  12:49  Pylon  
  38  12:58  Pylon  
  38  13:04  Stargate  
  38  13:08  Stargate  
  38  13:09  Void Ray  
  42  13:18  Protoss Air Weapons Level 3, Stargate  
  42  13:24  Probe  
  42  13:26  Stargate  
  43  13:27  Probe  
  44  13:35  Stargate  
  44  13:42  Stargate  
  44  13:47  Void Ray  
  48  13:49  Stargate  
  48  13:58  Probe  
  48  14:00  Probe  
  50  14:12  Void Ray  
  54  14:18  Probe  
  55  14:34  Void Ray  
  59  14:39  Void Ray  
  59  14:42  Probe  
  59  14:43  Probe  
  59  14:44  Probe  
  66  14:53  Void Ray  
  70  15:00  Probe  
  70  15:02  Probe  
  72  15:10  Void Ray  
  76  15:21  Probe  
  77  15:22  Probe  
  78  15:31  Void Ray  
  78  15:35  Probe  
  83  15:48  Nexus  
  79  16:30  Probe  
  80  16:33  Void Ray  
  80  16:34  Void Ray x2  
  92  16:56  Pylon  
  92  16:58  Pylon  
  92  16:59  Void Ray x4  
  108  17:02  Pylon  
  108  17:13  Void Ray  
  112  17:31  Void Ray  
  112  17:32  Void Ray  
  112  17:33  Void Ray  
  112  17:36  Probe  
  125  17:38  Probe  
Show
View Real Time Build Order
Export as new Build Order

Infamous Protoss - Winner!

Build Orders:  

Get SALT Encoding   

  12  0:04  Probe  
  13  0:16  Pylon, Probe  
  14  0:35  Gateway  
  14  0:40  Probe  
  15  0:56  Probe (Chrono Boost)  
  16  1:07  Probe (Chrono Boost)  
  17  1:46  Assimilator  
  17  1:50  Cybernetics Core  
  17  1:58  Probe  
  18  2:11  Zealot  
  20  2:32  Probe (Chrono Boost)  
  20  2:34  Gateway  
  20  2:35  Gateway  
  21  2:39  Assimilator  
  21  2:42  Probe (Chrono Boost)  
  21  3:16  Warp Gate (Chrono Boost)  
  21  3:29  Pylon  
  21  3:41  Pylon  
  21  3:48  Shield Battery  
  21  3:57  Robotics Facility  
  21  3:59  Probe  
  22  4:03  Adept x3  
  28  4:17  Probe, Forge  
  29  4:29  Probe (Chrono Boost)  
  30  4:41  Probe (Chrono Boost)  
  30  4:44  Observer  
  31  5:06  Observer (Chrono Boost)  
  30  5:09  Probe  
  32  5:21  Probe  
  32  5:24  Immortal (Chrono Boost)  
  36  5:32  Photon Cannon  
  36  5:35  Photon Cannon  
  36  5:41  Robotics Bay  
  36  5:54  Robotics Facility  
  36  6:05  Probe  
  36  6:10  Sentry  
  39  6:20  Pylon  
  39  6:24  Pylon  
  39  6:27  Pylon  
  39  6:38  Probe (Chrono Boost), Immortal  
  44  6:42  Immortal  
  44  6:43  Pylon  
  44  6:45  Pylon  
  48  6:49  Pylon  
  48  6:50  Probe (Chrono Boost)  
  48  6:52  Twilight Council  
  48  6:54  Nexus  
  49  6:57  Pylon  
  49  6:58  Probe (Chrono Boost)  
  49  6:59  Pylon  
  50  7:03  Protoss Ground Weapons Level 1  
  50  7:10  Probe, Adept x3  
  57  7:20  Photon Cannon  
  57  7:22  Probe  
  58  7:32  Sentry  
  58  7:33  Adept  
  62  7:50  Gateway  
  62  7:52  Gateway  
  62  8:15  Templar Archives  
  62  8:19  Stalker  
  64  8:30  Probe (Chrono Boost)  
  66  8:36  Probe (Chrono Boost)  
  66  8:40  Probe (Chrono Boost)  
  67  8:45  Probe x2 (Chrono Boost)  
  70  8:56  Charge  
  70  9:01  Probe (Chrono Boost)  
  70  9:03  Gateway x2  
  70  9:05  Gateway  
  70  9:11  Probe (Chrono Boost)  
  72  9:17  Probe (Chrono Boost)  
  72  9:23  Assimilator  
  73  9:24  Probe (Chrono Boost), Assimilator  
  73  9:30  Protoss Ground Armor Level 1 (Chrono Boost)  
  73  9:36  Colossus  
  79  9:45  Probe x2  
  81  9:57  Probe x2  
  83  10:12  High Templar  
  85  10:19  Pylon  
  85  10:22  Pylon  
  85  10:33  High Templar x2  
  89  10:39  Stalker  
  89  10:40  Stalker  
  93  10:53  Photon Cannon  
  93  10:54  Photon Cannon  
  93  10:55  High Templar  
  93  10:56  Zealot  
  93  10:57  Zealot x2  
  99  10:59  Photon Cannon x2  
  99  11:03  Archon  
  99  11:04  Photon Cannon  
  101  11:10  Colossus  
  107  11:38  Stalker  
  107  11:39  High Templar  
  111  11:40  Zealot  
  111  11:41  Zealot x5  
  111  11:46  Blink (Chrono Boost)  
  123  12:05  Stalker  
  123  12:06  Stalker x2  
  123  12:07  Stalker x2  
  133  12:15  Archon  
  123  13:09  High Templar x3  
  123  13:12  Zealot x2  
  129  13:30  Observer  
  129  13:31  Observer  
  129  13:34  High Templar x2  
  133  13:45  Pylon  
  133  13:46  Protoss Shields Level 1 (Chrono Boost)  
  133  13:47  Pylon  
  133  13:58  Pylon  
  133  14:04  Stalker x2  
  133  14:05  Stalker x3  
  143  14:12  Archon  
  143  14:13  Archon  
  143  14:17  Stalker  
  143  14:18  Stalker  
  147  14:30  Zealot x5  
  157  14:43  Pylon  
  157  14:49  Pylon  
  116  15:34  High Templar  
  116  15:35  High Templar x4  
  126  15:37  Zealot x3  
  127  16:01  Archon x2  
  127  16:05  Stalker x2  
  127  16:06  Stalker  
  141  16:25  Immortal x2  
  126  17:05  Nexus  
  126  17:07  Pylon  
  126  17:08  Pylon x2  
  126  17:19  Stalker  
  126  17:21  Pylon x2  
  128  17:23  Stalker x3  
  128  17:24  Stalker x4  
  134  17:44  Colossus x2  
  146  17:59  High Templar  
  146  18:01  Zealot x2  
  146  18:02  Zealot  
  154  18:12  Assimilator  
  154  18:38  High Templar  
  154  18:40  Zealot  
Show
View Real Time Build Order
Export as new Build Order

Chu Zerg - Winner!

Build Orders: 3 Hatch before Pool 

Get SALT Encoding   

  12  0:03  Drone  
  13  0:10  Drone  
  14  0:16  Overlord  
  14  0:36  Drone x2  
  14  0:38  Drone  
  17  0:57  Hatchery  
  17  1:00  Drone x2  
  18  1:09  Hatchery  
  17  1:14  Drone  
  18  1:21  Drone  
  19  1:31  Drone  
  20  1:40  Spawning Pool  
  19  1:50  Drone  
  19  1:54  Extractor  
  19  1:57  Extractor  
  19  1:59  Drone  
  19  2:03  Overlord  
  19  2:13  Drone  
  20  2:28  Zergling x8  
  24  2:37  Drone x3  
  27  2:52  Queen  
  27  2:53  Queen x2  
  33  2:58  Drone  
  33  2:59  Drone x4  
  33  3:00  Hatchery  
  36  3:08  Zergling x8  
  40  3:26  Zergling x4  
  42  3:32  Overlord x3  
  42  3:48  Metabolic Boost  
  42  3:51  Overlord x3  
  42  3:52  Overlord  
  42  3:59  Zergling x8  
  46  4:08  Zergling x4  
  48  4:10  Zergling x2  
  48  4:12  Lair  
  48  4:16  Drone  
  51  4:17  Drone x4  
  51  4:18  Drone  
  54  4:26  Drone x3  
  55  4:52  Zergling x4  
  56  4:53  Zergling x20  
  63  5:26  Zergling x2  
  63  5:27  Zergling x22  
  74  5:40  Evolution Chamber  
  74  5:42  Evolution Chamber  
  72  5:46  Baneling Nest  
  71  5:50  Drone x6  
  58  6:18  Zergling x2  
  58  6:19  Zergling x10  
  58  6:25  Zergling x6  
  66  6:37  Centrifical Hooks  
  66  6:39  Zerg Ground Armor Level 1, Zerg Melee Weapons Level 1  
  66  6:50  Infestation Pit  
  66  6:53  Zergling x12  
  71  7:24  Zergling x6  
  71  7:25  Zergling x16  
  82  7:30  Baneling x7  
  82  7:31  Baneling x2  
  73  8:02  Zergling x18  
  80  8:16  Zergling x2  
  81  8:24  Hatchery  
  81  8:25  Overlord x3  
  81  8:26  Overlord x2  
  80  8:29  Hive, Queen  
  81  8:35  Zerg Melee Weapons Level 2  
  81  8:36  Zerg Ground Armor Level 2  
  81  8:38  Zergling x4  
  81  8:47  Burrow  
  80  8:50  Baneling  
  80  8:54  Drone x13  
  91  9:06  Zergling x6  
  93  9:15  Baneling  
  93  9:16  Baneling x7  
  93  9:18  Zergling x6  
  96  9:35  Extractor  
  96  9:36  Extractor  
  94  9:49  Extractor  
  75  10:24  Zergling x2  
  75  10:25  Zergling x46  
  99  10:33  Pneumatized Carapace  
  99  10:35  Adrenal Glands  
  99  10:49  Drone x9  
  108  10:51  Ultralisk Cavern  
  107  11:08  Zergling x26  
  107  11:09  Zergling x4  
  122  11:27  Baneling x11  
  122  11:28  Baneling x6  
  122  11:33  Zergling x4  
  122  11:34  Zergling x8  
  128  11:50  Extractor  
  128  11:53  Zergling x2  
  128  11:54  Overlord x6  
  128  11:55  Overlord x9  
  128  11:57  Overseer x4  
  128  11:58  Overseer  
  119  12:27  Zergling x2  
  119  12:28  Zergling x18  
  125  12:48  Drone x2  
  125  12:49  Drone x2  
  129  12:52  Zergling x8  
  129  12:53  Zergling x4  
  135  13:05  Hatchery  
  134  13:11  Hatchery  
  132  13:17  Zerg Melee Weapons Level 3, Zerg Ground Armor Level 3  
  132  13:19  Chitinous Plating  
  132  13:21  Ultralisk  
  132  13:22  Ultralisk  
  143  13:29  Zergling x2  
  143  13:30  Zergling x14  
  143  13:31  Zergling x2  
  151  13:40  Zergling x12  
  97  14:19  Ultralisk x4  
  121  14:33  Queen  
  121  14:34  Queen  
  125  14:42  Drone  
  125  14:43  Drone x9  
  126  14:56  Drone x6  
  126  15:09  Overseer x4  
  125  15:18  Extractor  
  124  15:35  Extractor  
  122  15:36  Extractor  
  121  15:46  Zergling x2  
  121  15:47  Zergling x8  
  125  16:23  Extractor  
  112  17:41  Hatchery  
  111  17:45  Hatchery  
  109  17:59  Ultralisk x8  
  149  18:31  Ultralisk x4  
Show
View Real Time Build Order
Export as new Build Order

JamesLucifer Terran - Winner!

Build Orders:  

Get SALT Encoding   

  12  0:20  SCV  
  13  0:26  Supply Depot  
  13  0:43  SCV  
  14  0:52  Barracks  
  14  0:55  SCV  
  15  2:00  SCV  
  16  2:06  Refinery  
Show
View Real Time Build Order
Export as new Build Order

Tigger Protoss 

Build Orders:  

Get SALT Encoding   

  12  0:08  Probe  
  13  0:20  Probe, Pylon  
  14  0:42  Forge  
  14  0:44  Probe  
  15  0:56  Probe  
  16  1:22  Pylon  
  16  1:29  Assimilator  
  16  1:36  Assimilator  
  16  1:42  Photon Cannon  
  16  1:46  Photon Cannon  
  16  1:50  Pylon  
  16  2:13  Photon Cannon  
  16  2:20  Photon Cannon  
  16  2:29  Gateway  
  16  2:32  Probe  
  17  2:44  Probe  
  17  2:46  Gateway  
  18  2:56  Pylon  
  18  2:57  Probe  
  19  3:16  Photon Cannon  
  19  3:18  Zealot  
  21  3:30  Photon Cannon  
  21  3:43  Cybernetics Core  
  21  3:45  Zealot  
  21  3:47  Probe  
  24  3:59  Probe  
  25  4:12  Zealot  
  27  5:13  Pylon  
  27  5:20  Shield Battery  
  23  5:26  Pylon  
  23  5:30  Stargate  
  23  5:43  Stargate  
  23  5:48  Pylon  
  23  6:02  Pylon  
  23  6:16  Photon Cannon  
  23  6:24  Pylon  
  23  6:27  Void Ray  
  27  6:35  Stargate  
  27  6:39  Probe  
  28  6:48  Pylon  
  28  6:52  Probe  
  29  6:54  Shield Battery  
  29  7:01  Pylon  
  29  7:10  Void Ray  
  29  7:11  Photon Cannon  
  33  7:30  Photon Cannon, Void Ray  
  37  7:42  Pylon  
  37  8:07  Pylon  
  37  8:09  Protoss Air Weapons Level 1  
  37  8:33  Void Ray  
  41  8:41  Photon Cannon  
  41  8:44  Photon Cannon  
  41  8:56  Nexus  
  37  9:22  Void Ray  
  41  9:24  Void Ray  
  45  9:33  Cybernetics Core  
  45  9:36  Pylon  
  45  9:41  Shield Battery  
  45  10:04  Void Ray  
  49  10:07  Void Ray  
  41  10:47  Void Ray  
  45  10:50  Void Ray  
Show
View Real Time Build Order
Export as new Build Order

kamikazi Protoss 

Build Orders: Cannon Rush 

Get SALT Encoding   

  12  0:07  Probe  
  13  0:24  Pylon  
  13  0:44  Forge  
  13  0:47  Probe (Chrono Boost)  
  15  0:57  Probe (Chrono Boost)  
  15  1:00  Pylon  
  15  1:02  Probe (Chrono Boost)  
  16  1:13  Probe  
  17  1:22  Photon Cannon  
  17  1:25  Photon Cannon  
  17  1:29  Photon Cannon  
  17  1:41  Photon Cannon  
  17  1:52  Pylon  
  17  2:01  Photon Cannon  
  17  2:08  Photon Cannon  
  17  2:14  Pylon  
  17  2:31  Pylon  
  17  2:50  Photon Cannon x2  
  17  2:51  Photon Cannon  
  17  3:02  Pylon  
  17  3:12  Pylon  
  16  3:55  Pylon  
  16  4:09  Pylon  
  16  4:15  Photon Cannon  
  16  4:16  Photon Cannon  
  16  4:18  Photon Cannon  
  15  4:31  Photon Cannon  
  15  4:32  Photon Cannon  
  15  4:48  Pylon  
  15  4:51  Photon Cannon  
Show
View Real Time Build Order
Export as new Build Order

Zabros Protoss 

Build Orders:  

Get SALT Encoding   

  12  0:31  Pylon  
  12  0:34  Probe  
  13  0:46  Probe  
  14  0:58  Probe  
  15  1:04  Forge  
  15  1:10  Probe  
  16  1:16  Pylon  
  16  1:22  Probe  
  17  2:13  Probe  
  18  2:25  Photon Cannon  
  18  2:31  Pylon  
  18  2:54  Nexus  
  18  3:10  Probe  
  18  3:11  Nexus  
  19  3:16  Gateway  
  19  3:20  Assimilator  
  19  3:24  Pylon  
  18  3:37  Assimilator  
  18  3:42  Photon Cannon  
  18  3:44  Photon Cannon  
  18  4:02  Probe  
  19  4:09  Photon Cannon  
  19  4:14  Probe  
  20  4:17  Photon Cannon  
  20  4:28  Nexus  
  20  4:32  Pylon  
  20  4:38  Pylon  
  20  4:48  Pylon  
  20  5:02  Photon Cannon  
  20  5:07  Photon Cannon  
  20  5:13  Photon Cannon  
  20  5:19  Photon Cannon  
  20  5:20  Pylon  
  20  5:25  Assimilator  
  20  5:37  Photon Cannon  
  20  5:43  Probe  
  20  5:48  Probe  
  22  5:55  Probe x2  
  24  6:00  Probe  
  25  6:07  Probe x2  
  27  6:12  Probe  
  27  6:15  Pylon  
  27  6:17  Assimilator  
  28  6:19  Probe  
  28  6:24  Probe, Assimilator  
  30  6:31  Probe x2  
  32  6:36  Probe  
  33  6:43  Probe  
  34  6:48  Probe  
  34  6:50  Probe  
  36  6:55  Probe  
  36  6:57  Probe  
  36  7:00  Probe  
  39  7:03  Probe  
  39  7:07  Probe, Cybernetics Core  
  39  7:08  Pylon  
  41  7:12  Probe, Photon Cannon  
  41  7:15  Probe, Pylon  
  43  7:19  Probe  
  36  7:26  Pylon  
  36  7:27  Probe  
  36  7:31  Pylon  
  36  7:39  Probe  
  36  7:41  Pylon  
  37  7:49  Photon Cannon  
  37  7:50  Photon Cannon  
  37  7:55  Photon Cannon  
  37  8:00  Photon Cannon  
  37  8:09  Pylon  
  37  8:10  Probe  
  38  8:13  Twilight Council  
  38  8:23  Probe, Gateway  
  38  8:24  Probe  
  40  8:28  Photon Cannon  
  40  8:34  Photon Cannon  
  40  8:35  Probe  
  40  8:36  Probe, Assimilator  
  40  8:39  Assimilator  
  42  8:46  Photon Cannon  
  42  8:47  Probe  
  42  8:48  Probe  
  44  8:59  Probe  
  44  9:00  Probe  
  44  9:01  Assimilator  
  46  9:04  Photon Cannon  
  46  9:10  Probe  
  46  9:12  Probe  
  48  9:17  Photon Cannon  
  48  9:22  Probe  
  48  9:23  Photon Cannon  
  49  9:24  Probe  
  49  9:25  Nexus  
  49  9:28  Assimilator  
  50  9:32  Assimilator  
  50  9:34  Probe  
  50  9:35  Pylon  
  50  9:36  Probe  
  52  9:47  Probe, Pylon  
  53  9:58  Dark Shrine, Photon Cannon  
  53  9:59  Probe  
  54  10:06  Photon Cannon  
  54  10:08  Gateway  
  54  10:10  Gateway  
  54  10:11  Probe  
  55  10:16  Gateway  
  55  10:19  Shield Battery  
  55  10:20  Pylon  
  55  10:24  Pylon  
  55  10:26  Photon Cannon  
  55  10:31  Photon Cannon  
  55  10:41  Probe  
  56  10:53  Probe  
  57  10:57  Pylon  
  57  10:58  Protoss Ground Weapons Level 1  
  57  11:04  Forge  
  57  11:05  Probe  
  57  11:07  Probe  
  59  11:17  Probe  
  60  11:19  Probe  
  60  11:20  Dark Templar x2  
  60  11:21  Dark Templar x3  
  71  11:30  Probe, Photon Cannon  
  71  11:32  Probe  
  73  11:42  Probe  
  73  11:44  Probe  
  75  11:54  Probe  
  76  11:56  Probe  
  76  11:59  Dark Templar  
  76  12:00  Dark Templar x4  
  87  12:06  Probe  
  88  12:14  Gateway  
  88  12:24  Protoss Shields Level 1  
  88  12:32  Probe  
  88  12:36  Probe  
  90  12:39  Dark Templar x4  
  90  12:40  Dark Templar  
  90  12:42  Photon Cannon  
  90  12:44  Probe, Photon Cannon  
  101  12:45  Photon Cannon  
  101  12:48  Probe  
  101  12:50  Shield Battery  
  102  12:51  Photon Cannon  
  102  12:52  Protoss Ground Armor Level 1  
  102  12:56  Probe  
  103  13:08  Dark Templar  
  105  13:18  Dark Templar x3  
  105  13:19  Dark Templar x2  
  95  13:45  Probe  
  95  13:47  Dark Templar  
  98  13:49  Probe  
  99  13:57  Probe, Dark Templar x2  
  99  13:58  Dark Templar x3  
  99  14:01  Probe  
  111  14:09  Probe  
  112  14:13  Probe  
  113  14:26  Dark Templar  
  115  14:36  Dark Templar  
  115  14:37  Dark Templar x4  
  125  14:46  Protoss Shields Level 2  
  125  14:51  Photon Cannon  
  125  14:54  Photon Cannon  
  125  14:56  Photon Cannon  
  88  15:16  Dark Templar x2  
  88  15:17  Dark Templar  
  88  15:20  Photon Cannon  
  96  15:46  Pylon  
  86  15:50  Photon Cannon  
  86  15:51  Pylon  
  86  15:55  Dark Templar x2  
  86  15:56  Pylon, Dark Templar  
  92  15:59  Pylon  
  92  16:00  Dark Templar  
  92  16:05  Pylon  
  92  16:14  Photon Cannon  
  92  16:15  Gateway  
  92  16:17  Pylon  
  92  16:19  Gateway  
  92  16:26  Photon Cannon  
  92  16:32  Photon Cannon  
  92  16:33  Photon Cannon  
  92  16:34  Dark Templar  
  92  16:38  Photon Cannon  
  89  16:57  Photon Cannon  
  85  17:06  Stargate  
  77  17:11  Cybernetics Core  
  77  17:14  Pylon  
  71  17:22  Pylon  
  46  17:30  Gateway  
  46  17:43  Pylon  
  46  17:46  Pylon  
  44  17:55  Void Ray  
  44  17:56  Stargate  
  48  18:02  Fleet Beacon  
  48  18:10  Stargate  
  48  18:16  Stargate  
  48  18:39  Forge  
Show
View Real Time Build Order
Export as new Build Order

asd Protoss 

Build Orders:  

Get SALT Encoding   

  12  0:49  Pylon  
  12  0:50  Pylon  
  12  0:51  Pylon  
  12  0:53  Pylon  
  12  1:03  Pylon  
  12  1:10  Pylon  
  12  1:33  Pylon  
  12  1:39  Forge  
  12  1:51  Pylon  
  12  2:05  Pylon  
  12  2:18  Photon Cannon  
  12  2:28  Probe (Chrono Boost)  
  13  2:30  Assimilator  
  13  2:38  Assimilator  
  13  2:59  Photon Cannon  
  13  3:02  Probe  
  14  3:14  Pylon  
  14  3:31  Probe (Chrono Boost)  
  16  3:42  Probe (Chrono Boost)  
  16  3:47  Probe (Chrono Boost)  
  17  3:57  Probe  
  18  4:09  Probe  
  19  4:22  Probe (Chrono Boost)  
  20  4:33  Probe (Chrono Boost)  
  21  4:38  Probe (Chrono Boost)  
  21  4:41  Photon Cannon  
  22  4:48  Probe  
  22  4:49  Pylon  
  23  5:00  Probe  
  24  5:22  Nexus  
  24  5:31  Gateway  
  24  5:47  Photon Cannon  
  24  5:59  Pylon  
  24  6:22  Cybernetics Core  
  24  6:30  Nexus  
  24  6:35  Probe (Chrono Boost)  
  24  6:38  Assimilator  
  25  6:46  Probe (Chrono Boost)  
  26  6:50  Probe (Chrono Boost)  
  27  7:00  Photon Cannon  
  27  7:01  Probe  
  28  7:13  Probe  
  29  7:24  Pylon  
  29  7:43  Photon Cannon  
  29  7:45  Photon Cannon  
  29  7:47  Photon Cannon  
  29  7:50  Photon Cannon  
  29  7:52  Photon Cannon  
Tags
 
Add a new tag
Caveats
  • Supply blocks, unpowered buildings, or Contaminate may cause inaccurate times.
  • Supply counts are checked every 10 seconds.